Map: Inside and Out

Players

A.I. 1 (Very Easy)

  • Race: Protoss Protoss
  • Spawn Location: 1:00

TheMarine - Winner!

  • Race: Terran Terran
  • League: Bronze
  • Spawn Location: 7:00

VOD

Have the link to the VOD?

Description

A build I came up with, it's a widow mine drop in natural and/or main, with 12 Marine 1 Siege tank at the natural at 5:00, you can macro behind or make it all in. this is a test build order against very easy A.I. to show timings within the first 5 minutes

14 0:17 Supply Depot
15 0:40 Barracks
16 0:45 Refinery
19 1:27 Orbital Command
20 1:39 Command Center
20 1:47 Barracks Reactor
20 1:54 Supply Depot
21 2:05 Factory
22 2:12 Refinery
31 2:51 Starport
31 2:53 Orbital Command
33 3:09 Supply Depot
33 3:13 Factory Tech Lab
54 4:05 Barracks
54 4:11 Barracks, Starport Reactor
54 4:17 Supply Depot
61 4:48 Command Center
61 4:51 , Engineering Bay
62 4:54 Engineering Bay, Barracks Tech Lab

Time

  • Played on: Sept. 16, 2022, 7:25 p.m.
  • Length: 7:12
Show
View Real Time Build Order
Export as new Build Order

A.I. 1 (Very Easy) Protoss 

Build Orders: 1 Gate Expand, Nexus First 

Get SALT Encoding   

  12  0:00  Probe  
  13  0:13  Probe  
  14  0:20  Pylon  
  14  0:43  Gateway  
  14  1:00  Nexus  
  14  1:20  Pylon  
  14  1:21  Zealot  
  14  1:24  Assimilator  
  16  1:33  Probe  
  16  1:36  Cybernetics Core  
  17  1:41  Probe  
  18  1:52  Probe  
  19  2:01  Probe  
  19  2:02  Assimilator  
  19  2:06  Stalker  
  20  2:09  Probe  
  23  2:18  Warp Gate  
  23  2:19  Probe  
  24  2:26  Probe  
  25  2:33  Probe  
  26  2:47  Probe  
  26  2:49  Assimilator  
  27  2:52  Pylon  
  27  2:54  Probe  
  28  3:00  Probe  
  29  3:08  Probe  
  29  3:11  Probe  
  29  3:12  Robotics Facility  
  31  3:22  Probe  
  31  3:24  Zealot  
  34  3:29  Probe  
  35  3:37  Probe  
  36  3:44  Probe  
  37  3:51  Probe  
  38  3:58  Probe  
  38  4:00  Observer  
  40  4:04  Probe  
  41  4:12  Probe  
  41  4:15  Observer, Probe  
  42  4:18  Assimilator  
  44  4:27  Probe  
  44  4:30  Pylon  
  45  4:34  Probe  
  45  4:35  Sentry  
  48  4:41  Probe  
  49  4:48  Probe  
  50  5:11  Stalker  
  48  5:15  Pylon  
  48  5:18  Probe  
  43  5:24  Probe  
  39  5:34  Probe  
  32  5:37  Probe  
  32  5:40  Immortal  
  30  5:48  Probe  
  30  5:55  Probe  
  26  6:02  Probe  
  25  6:09  Stalker  
  26  6:14  Probe  
  20  6:27  Probe  
  19  6:37  Stalker  
  19  6:39  Probe  
  15  6:51  Probe  
  13  6:55  Pylon  
Show
View Real Time Build Order
Export as new Build Order

TheMarine Terran - Winner!

Build Orders:  

Get SALT Encoding   

  12  0:00  SCV  
  13  0:13  SCV  
  14  0:17  Supply Depot  
  14  0:25  SCV  
  15  0:39  SCV  
  15  0:40  Barracks  
  16  0:45  Refinery  
  16  0:51  SCV  
  17  1:03  SCV  
  18  1:15  SCV  
  19  1:27  Orbital Command  
  19  1:28  Marine  
  20  1:39  Command Center  
  20  1:47  Barracks Reactor  
  20  1:54  Supply Depot  
  20  1:55  SCV  
  21  2:05  Factory  
  21  2:07  SCV  
  22  2:12  Refinery  
  22  2:19  SCV  
  23  2:22  Marine x2  
  25  2:31  SCV  
  26  2:40  Marine x2  
  26  2:43  SCV  
  29  2:50  Widow Mine  
  31  2:51  Starport  
  31  2:53  Orbital Command  
  31  2:58  Marine x2  
  33  3:09  Supply Depot  
  33  3:13  Factory Tech Lab  
  33  3:17  Marine x2  
  35  3:24  SCV x2  
  37  3:31  Medivac  
  37  3:33  Widow Mine  
  41  3:36  SCV  
  41  3:37  SCV, Marine x2  
  45  3:49  SCV x2  
  45  3:55  Marine x2  
  48  3:56  Siege Tank  
  48  4:01  SCV x2  
  54  4:05  Barracks  
  54  4:11  Barracks, Starport Reactor  
  54  4:17  Supply Depot  
  54  4:39  SCV x2, Marine x2  
  54  4:40  Siege Tank  
  61  4:48  Command Center  
  61  4:51  SCV, Engineering Bay  
  62  4:54  Engineering Bay, Barracks Tech Lab  
  62  5:07  Marine  
  58  5:29  Marine x3  
  58  5:30  Siege Tank  
  62  5:44  Barracks Tech Lab  
  62  5:47  Marine x2, Barracks Tech Lab  
  62  5:59  SCV x2, Marine  
  62  6:01  Refinery x2  
  62  6:02  Siege Tank  
  68  6:04  Marine  
  68  6:05  Marine  
  70  6:11  SCV x2  
  72  6:23  SCV  
  73  6:34  Siege Tank  
  73  6:37  Orbital Command  
  76  6:43  Barracks  
  76  6:46  Supply Depot  
  76  6:49  Supply Depot x2  
  76  6:51  Supply Depot  
Tags
 
Add a new tag
Caveats
  • Supply blocks, unpowered buildings, or Contaminate may cause inaccurate times.
  • Supply counts are checked every 10 seconds.